 Dungeon Crawl Stone Soup version 0.19.0-9-gfd783f2 (webtiles) character file.

25164 dobroeutro the Markscentaur (level 12, -2/110 HPs)
             Began as a Centaur Hunter on Nov 7, 2016.
             Was a High Priest of Okawaru.
             Slain by a minotaur
             ... wielding an uncursed staff of air
              (29 damage)
             ... in a labyrinth.
             The game lasted 00:36:03 (18049 turns).

dobroeutro the Markscentaur (Centaur Hunter)       Turns: 18049, Time: 00:36:04

Health: -2/110     AC: 19    Str: 22    XL:     12   Next: 87%
Magic:  11/12      EV: 18    Int: 13    God:    Okawaru [*****.]
Gold:   1045       SH:  0    Dex: 18    Spells: 0 memorised, 11 levels left

rFire  + . .     SeeInvis +     O - +1 shortbow (flame)
rCold  + . .     Gourm    .     x - +2 robe {rF+}
rNeg   + . .     Faith    .     (shield currently unavailable)
rPois  .         Spirit   .     (helmet restricted)
rElec  .         Reflect  .     X - +1 cloak {+Inv}
rCorr  .         Harm     .     g - +2 pair of gloves {archery}
MR     .....     Rnd*Rage +     s - +3 centaur barding of Tender Moments {+Blink rC+ Int+5}
Stlth  ++........               (no amulet)
                                W - ring of positive energy
                                N - ring of see invisible

@: mighty, agile, very quick
A: antennae 1, beak, hooves 3, berserk 1, deformed body, dopey 1, speed 2, tough
skin 3, no device heal 1, MP-powered wands
a: Heroism, Finesse, Renounce Religion, Evoke Blink, Evoke Invisibility


You were in a labyrinth.
You worshipped Okawaru.
Okawaru was extremely pleased with you.
You were very hungry.

You visited 3 branches of the dungeon, and saw 17 of its levels.
You also visited: Labyrinth and Sewer.

You collected 1045 gold pieces.

Inventory:

Hand Weapons
 a - a +1 shortbow
 i - a +0 hand axe of electrocution
 O - a +1 shortbow of flaming (weapon)
Missiles
 d - 360 arrows (quivered)
Armour
 g - a +2 pair of gloves of archery (worn)
 r - a +0 helmet
 s - the +3 centaur barding of Tender Moments (worn) {+Blink rC+ Int+5}
   (Okawaru gifted it to you on level 11 of the Dungeon)

   It affects your intelligence (+5).
   It protects you from cold.
   It lets you blink.
 x - a +2 robe of fire resistance (worn)
 M - the +0 ring mail "Iddint" {Int+4 Dex+5}
   (You found it on level 8 of the Dungeon)

   It affects your intelligence (+4).
   It affects your dexterity (+5).
 X - a +1 cloak of invisibility (worn)
Jewellery
 u - an uncursed ring of flight
 E - an uncursed ring of fire
 N - a ring of see invisible (left hand)
 W - a ring of positive energy (right hand)
Wands
 v - a wand of flame (12/48)
 y - a wand of flame (10/48)
 z - a wand of polymorph (3/24)
 I - a wand of enslavement (15/24)
 J - a wand of lightning (9/15)
 L - a wand of disintegration (14/24)
 P - a wand of polymorph (11/24)
 T - a wand of polymorph (12/24)
 U - a wand of disintegration (6/24)
Scrolls
 b - 2 scrolls of fog
 h - 9 scrolls of teleportation
 j - 9 scrolls of remove curse
 q - a scroll of fear
 t - 11 scrolls of identify
 B - a scroll of enchant weapon
 V - a scroll of magic mapping
Potions
 c - 2 potions of agility
 e - a potion of curing
 l - a potion of beneficial mutation {unknown}
 m - 2 potions of magic
 n - 4 potions of brilliance
 o - 4 potions of flight
 p - 2 potions of invisibility
 w - 4 potions of lignification
 C - 3 potions of might
 F - 5 potions of berserk rage
 G - a potion of resistance
 H - 3 potions of haste
Comestibles
 f - 11 bread rations
 k - 2 slices of pizza
 A - 19 fruits
 D - 10 beef jerkies
 Q - 3 meat rations
 R - a royal jelly


   Skills:
 + Level 11.5 Fighting
 - Level 6.5 Axes
 + Level 16.8 Bows
 - Level 4.9 Armour
 + Level 7.2 Dodging
 - Level 0.4 Stealth


You had 11 spell levels left.
You didn't know any spells.

Dungeon Overview and Level Annotations

Branches:
Dungeon (13/15)            Temple (1/1) D:4            Lair (3/6) D:9
  Snake (0/4) Lair:2          Orc (0/2) D:9
  Swamp: Lair:2-4    Shoals: Lair:2-4    Vaults: D:13-14

Altars:
Ashenzari
Cheibriados
Dithmenos
Elyvilon
Fedhas
Gozag
Hepliaklqana
Makhleb
Nemelex Xobeh
Okawaru
Qazlal
Sif Muna
Trog
Uskayaw
Vehumet
Xom
Zin

Annotations:
D:6 theElss's ghost, novice HECj
D:8 striepan's ghost, novice MiGl


Innate Abilities, Weirdness & Mutations

You have hooves in place of feet.
Armour fits poorly on your strangely shaped body.
You cover ground very quickly.
You have extremely tough skin. (AC +3)
You have a pair of small antennae on your head.
You have a beak for a mouth.
You tend to lose your temper in combat.
You are dopey. (Int -2)
Potions and wands are less effective at restoring your health.
You expend magic power (3 MP) to strengthen your wands.


Message History

Firing (i - inventory):
d - 363 arrows (quivered)
Press: ? - help, Shift-Dir - straight line, f/p - minotaur
Aim: a minotaur, wielding a staff of air, wearing a glowing ring mail and wearing a dented bronze amulet (lightly wounded)
You shoot an arrow.
The arrow hits the minotaur but does no damage.
The minotaur is lightly wounded.
The minotaur completely misses you. The minotaur misses you.
Firing (i - inventory):
d - 362 arrows (quivered)
Press: ? - help, Shift-Dir - straight line, f/p - minotaur
Aim: a minotaur, wielding a staff of air, wearing a glowing ring mail and wearing a dented bronze amulet (lightly wounded)
You shoot an arrow.
The arrow hits the minotaur but does no damage.
The minotaur is lightly wounded.
Firing (i - inventory):
d - 361 arrows (quivered)
Press: ? - help, Shift-Dir - straight line, f/p - minotaur
Aim: a minotaur, wielding a staff of air, wearing a glowing ring mail and wearing a dented bronze amulet (lightly wounded)
You shoot an arrow. The arrow hits the minotaur!
The arrow burns the minotaur.
The minotaur is moderately wounded.
The minotaur hits you with an uncursed staff of air!!
You die...

..# # . ###.##
#### #.### ## .
# .. ...
#.#.... #
.#.###
#.#.#.#.. .
..... #...#...#
# . #### #.##
.##..#.# ≈# .
#.... ..#(#.≈≈#
#######(H...<≈#
#....@#. .≈
#.###(# # # #.#
#.. ..#. #.###
#.. ###


You could see a minotaur.

Vanquished Creatures
  2 hydras
  The ghost of Chiseanne the Protected, a journeyman HEAr of Vehumet (D:11)
  An unseen horror (D:11)
  Pikel (D:7)
  7 hill giants
  An ugly thing (D:11)
  2 black mambas (Lair:2)
  2 spiny frogs (Lair:1)
  The ghost of dobroeutro the Archer, a novice CeHu of Okawaru (D:5)
  A kobold demonologist (D:8)
  4 komodo dragons
  3 trolls
  3 polar bears (D:12)
  A two-headed ogre (D:12)
  Grinder (D:4)
  4 blink frogs (Lair:2)
  A hippogriff (Lair:2)
  A centaur simulacrum (D:12)
  2 shadows (Lab)
  21 yaks
  2 redbacks (Lab)
  Sigmund (D:4)
  2 wyverns
  4 water elementals (D:12)
  A hungry ghost (Lab)
  8 water moccasins
  An orc warrior (D:12)
  Purgy (Sewer)
  4 ice beasts (D:12)
  10 ogres
  A necrophage (D:11)
  A slave (D:7)
  3 phantoms
  3 wolves
  16 centaurs
  7 crocodiles
  Blork the orc (D:4)
  A big kobold (D:9)
  10 bullfrogs
  2 wyvern zombies
  A scorpion (D:11)
  12 killer bees
  8 electric eels
  A centaur zombie (D:6)
  5 howler monkeys
  6 crimson imps
  A quasit (D:9)
  2 bullfrog zombies
  6 hounds
  Crazy Yiuf (D:5)
  3 orc priests
  2 bullfrog skeletons
  2 jellies
  4 iguanas
  9 orc wizards
  7 worker ants
  A killer bee zombie (D:6)
  3 gnolls (D:8)
  13 adders
  2 shadow imps
  3 white imps (D:12)
  2 ufetubi (D:12)
  3 oozes
  An adder zombie (D:5)
  4 worms
  3 dart slugs
  17 leopard geckos
  36 orcs
  5 ball pythons
  9 giant cockroaches
  6 goblins
  5 hobgoblins
  16 jackals
  5 quokkas
  13 bats
  10 frilled lizards
  A jackal skeleton (D:5)
  A jackal zombie (D:7)
  7 kobolds
  2 quokka skeletons
  11 rats
  3 fungi (D:5)
391 creatures vanquished.

Notes
Turn   | Place    | Note
-------+----------+-------------------------------------------
     0 | D:1      | dobroeutro the Centaur Hunter began the quest for the Orb.
     0 | D:1      | Reached XP level 1. HP: 17/17 MP: 1/1
   120 | D:1      | Reached skill level 6 in Bows
   120 | D:1      | Reached XP level 2. HP: 20/24 MP: 2/2
   919 | D:2      | Reached XP level 3. HP: 20/29 MP: 3/3
  1051 | D:2      | Reached skill level 1 in Axes
  1065 | D:2      | Found a bloodstained altar of Trog.
  1279 | D:2      | Found a deep blue altar of Sif Muna.
  1307 | D:2      | Reached skill level 7 in Bows
  1307 | D:2      | Reached XP level 4. HP: 34/36 MP: 4/4
  1755 | D:3      | Found a glowing drain.
  1785 | Sewer    | Entered a sewer
  1887 | Sewer    | Noticed Purgy
  1942 | Sewer    | Killed Purgy
  1942 | Sewer    | Reached XP level 5. HP: 16/41 MP: 5/5
  2316 | D:3      | Reached skill level 8 in Bows
  3049 | D:4      | Found a staircase to the Ecumenical Temple.
  3053 | Temple   | Entered the Ecumenical Temple
  3146 | Temple   | Became a worshipper of Warmaster Okawaru
  3271 | D:4      | Noticed Blork the orc
  3280 | D:4      | Killed Blork the orc
  3280 | D:4      | Reached XP level 6. HP: 42/48 MP: 6/6
  3406 | D:4      | Reached skill level 9 in Bows
  3623 | D:4      | Noticed Sigmund
  3638 | D:4      | Killed Sigmund
  3638 | D:4      | Reached * piety under Okawaru
  3638 | D:4      | Reached XP level 7. HP: 35/55 MP: 7/7
  3684 | D:4      | Found a shadowy altar of Dithmenos.
  3835 | D:4      | Noticed Grinder
  3848 | D:4      | Killed Grinder
  3848 | D:4      | Reached ** piety under Okawaru
  3848 | D:4      | Reached skill level 5 in Axes
  3848 | D:4      | Reached skill level 10 in Bows
  3886 | D:4      | Found a shimmering altar of Xom.
  4253 | D:5      | Entered Level 5 of the Dungeon
  4307 | D:5      | Reached XP level 8. HP: 59/61 MP: 8/8
  4343 | D:5      | Noticed dobroeutro's ghost (novice CeHu)
  4611 | D:5      | Found a runed door.
  4617 | D:5      | Noticed Crazy Yiuf
  4624 | D:5      | Killed Crazy Yiuf
  4987 | D:5      | Found a sparkling altar of Nemelex Xobeh.
  5038 | D:5      | Reached skill level 1 in Armour
  5052 | D:5      | HP: 2/62 [dobroeutro's ghost (14)]
  5066 | D:5      | Killed dobroeutro's ghost
  5642 | D:6      | Reached *** piety under Okawaru
  5643 | D:6      | Reached skill level 11 in Bows
  5751 | D:6      | Noticed theElss's ghost (novice HECj)
  6192 | D:6      | Found a blossoming altar of Fedhas.
  6302 | D:6      | Gained mutation: You have a pair of small antennae on your head. [potion of mutation]
  6302 | D:6      | Gained mutation: You tend to lose your temper in combat. [potion of mutation]
  6302 | D:6      | Gained mutation: You have a beak for a mouth. [potion of mutation]
  6324 | D:7      | Found a hide-covered altar of Uskayaw.
  6458 | D:6      | Reached XP level 9. HP: 41/71 MP: 9/9
  6661 | D:7      | Received a gift from Okawaru
  7009 | D:7      | Noticed Pikel
  7113 | D:7      | Killed Pikel
  7113 | D:7      | Reached skill level 5 in Fighting
  7463 | D:8      | Noticed striepan's ghost (novice MiGl)
  7564 | D:8      | Reached skill level 12 in Bows
  7569 | D:8      | Got a polished ring mail
  7580 | D:8      | Identified the +0 ring mail "Iddint" {Int+4 Dex+5} (You found it on level 8 of the Dungeon)
  7735 | D:8      | Found a burning altar of Makhleb.
  7735 | D:8      | Found a snail-covered altar of Cheibriados.
  7860 | D:8      | Noticed a kobold demonologist
  7866 | D:8      | Killed a kobold demonologist
  7866 | D:8      | Reached **** piety under Okawaru
  8153 | D:9      | Received a gift from Okawaru
  8161 | D:9      | Noticed a troll
  8528 | D:9      | Reached XP level 10. HP: 55/83 MP: 10/10
  8682 | D:9      | Found a staircase to the Orcish Mines.
  8725 | D:9      | Found a shattered altar of Ashenzari.
  8770 | D:9      | Received a gift from Okawaru
  9653 | D:9      | Found a stormy altar of Qazlal.
  9742 | D:9      | Got a crystal fustibalus
  9743 | D:9      | Identified the cursed +1 fustibalus of Emneumin {venom, rPois rF+++ Str-2 Int+2} (You found it on level 9 of the Dungeon)
  9863 | D:9      | Reached skill level 13 in Bows
  9920 | D:9      | Gained mutation: You are dopey. (Int -2) [potion of mutation]
  9921 | D:9      | Gained mutation: You expend magic power (3 MP) to strengthen your wands. [potion of mutation]
  9921 | D:9      | Gained mutation: Potions and wands are less effective at restoring your health. [potion of mutation]
 10098 | D:9      | Received a gift from Okawaru
 10210 | D:10     | Entered Level 10 of the Dungeon
 10232 | D:10     | Noticed a hill giant
 10822 | D:10     | Noticed a hill giant
 10828 | D:10     | Noticed a hill giant
 10837 | D:10     | Noticed a hill giant
 10883 | D:9      | HP: 2/86 [killer bee (6)]
 11351 | D:10     | Killed a hill giant
 11366 | D:10     | Killed a hill giant
 11541 | D:10     | Killed a hill giant
 11541 | D:10     | Reached ***** piety under Okawaru
 11541 | D:10     | Received a gift from Okawaru
 11988 | D:10     | Killed a hill giant
 11988 | D:10     | Reached skill level 14 in Bows
 12106 | D:10     | Reached XP level 11. HP: 94/94 MP: 11/11
 12326 | D:11     | Noticed Chiseanne's ghost (journeyman HEAr)
 12429 | D:11     | Noticed a five-headed hydra
 12443 | D:11     | Killed a five-headed hydra
 12462 | D:11     | Received a gift from Okawaru
 12466 | D:11     | Got a faintly humming centaur barding {god gift}
 12472 | D:11     | Identified the +3 centaur barding of Tender Moments {+Blink rC+ Int+5} (Okawaru gifted it to you on level 11 of the Dungeon)
 12912 | D:11     | Noticed a hill giant
 12938 | D:11     | Killed a hill giant
 13149 | D:11     | Noticed an unseen horror
 13156 | D:11     | Killed an unseen horror
 13264 | D:11     | Killed Chiseanne's ghost
 13264 | D:11     | Reached skill level 15 in Bows
 13281 | D:11     | Noticed a white ugly thing
 13317 | D:11     | Killed a white ugly thing
 13317 | D:11     | Reached skill level 5 in Dodging
 14145 | D:12     | Reached skill level 10 in Fighting
 14410 | D:12     | Reached XP level 12. HP: 87/106 MP: 12/12
 14432 | D:12     | Received a gift from Okawaru
 15088 | D:12     | Reached skill level 16 in Bows
 15179 | D:12     | Found a hide-covered altar of Uskayaw.
 15445 | D:9      | Found a staircase to the Lair.
 15557 | Lair:1   | Entered Level 1 of the Lair of Beasts
 16455 | Lair:2   | Noticed an eight-headed hydra
 16472 | Lair:2   | Killed an eight-headed hydra
 16570 | Lair:2   | Found a staircase to the Snake Pit.
 17677 | Lair:3   | Found a labyrinth entrance.
 17684 | Lab      | Entered a labyrinth
 17952 | Lab      | Received a gift from Okawaru
 18029 | Lab      | Noticed a minotaur
 18049 | Lab      | Slain by a minotaur

Skill      XL: |  1  2  3  4  5  6  7  8  9 10 11 12 |
---------------+-------------------------------------+-----
Bows           | 6 7 8 9 10 11 12 14 15 16 | 16.8
Axes           | 1 2 3 4 5 6 |  6.5
Armour         | 2 4 |  4.9
Fighting       | 4 6 8 10 11 | 11.5
Dodging        | 3 5 7 |  7.2
Stealth        | |  0.4

Action                   |  1- 3 |  4- 6 |  7- 9 | 10-12 || total
-------------------------+-------+-------+-------+-------++-------
Melee: Short sword       |    51 |       |       |       ||    51
       Kick              |    17 |    25 |    80 |    24 ||   146
       Hand axe          |    82 |   164 |   355 |   138 ||   739
       Peck              |       |       |    28 |    20 ||    48
 Fire: Shortbow          |       |    28 |    57 |   771 ||   856
Invok: Heroism           |       |       |       |     8 ||     8
  Use: Scroll            |     2 |     2 |     7 |    14 ||    25
       Potion            |       |     5 |     7 |     9 ||    21
  Eat: Chunk             |       |     7 |     8 |    17 ||    32
       Meat ration       |       |       |     1 |     1 ||     2
Armor: Leather armour    |    95 |   101 |     6 |       ||   202
       Robe              |       |       |   171 |   131 ||   302
       Skin              |       |       |       |    13 ||    13
Dodge: Dodged            |    83 |    89 |   181 |   152 ||   505
